 Dungeon Crawl Stone Soup version 0.28-a0-1033-g1a2f33fa85 (webtiles) character file.

Game seed: 6029978057537910460

67 siradein the Charlatan (level 3, 0/29 HPs)
             Began as a Draconian Artificer on Dec 7, 2021.
             Slain by a wight (9 damage)
             ... on level 2 of the Dungeon.
             The game lasted 00:02:47 (2594 turns).

siradein the Charlatan (Draconian Artificer)        Turns: 2594, Time: 00:02:47

Health: 0/29       AC:  5    Str: 16    XL:     3   Next: 98%
Magic:  3/3        EV: 12    Int: 11    God:
Gold:   92         SH:  0    Dex: 11    Spells: 2/2 levels left

rFire   . . .      SeeInvis .   a - +0 club
rCold   . . .      Faith    .   (no shield)
rNeg    . . .      Spirit   .   (armour unavailable)
rPois   .          Reflect  .   (helmet restricted)
rElec   .          Harm     .   (no cloak)
rCorr   .          Rampage  .   (no gloves)
Will    .....                   (no boots)
Stlth   +.........              (no amulet)
HPRegen 0.09/turn               (no ring)
MPRegen 0.08/turn               (no ring)

@: no status effects
A: AC +5, unfitting armour, cold-blooded
a: no special abilities


You were on level 2 of the Dungeon.
You visited 1 branch of the dungeon, and saw 3 of its levels.

You collected 92 gold pieces.

Inventory:

Hand Weapons
 a - a +0 club (weapon)
Missiles
 k - 16 poisoned darts
Wands
 b - a wand of flame (15)
 c - a wand of charming (15)
Scrolls
 f - a scroll of brand weapon {unknown}
 h - 2 scrolls of identify {unknown}
 i - a scroll of summoning {unknown}
 j - a scroll of amnesia {unknown}
Potions
 e - a potion of brilliance {unknown}
 g - a potion of curing {unknown}
 l - a potion of cancellation {unknown}
Miscellaneous
 d - a piece from Xom's chessboard (7/15) (quivered)


   Skills:
 + Level 2.2 Fighting
 + Level 1.7 Maces & Flails
 + Level 2.7 Dodging
 - Level 0.8 Stealth
 + Level 3.4 Evocations


You had 2 spell levels left.
You didn't know any spells.
Your spell library was empty.

Dungeon Overview and Level Annotations

Branches:
Dungeon (3/15)

Altars:


Innate Abilities, Weirdness & Mutations

Your plain brown scales are hard. (AC +5)
You cannot fit into any form of body armour.
You are cold-blooded and may be slowed by cold attacks.


Message History

The adder is almost dead.
The adder barely misses you. x2
You closely miss the adder.
The adder is almost dead.
The adder barely misses you.
You barely miss the adder.
The adder is almost dead.
The adder bites you. The adder barely misses you.
You closely miss the adder. You tail-slap the adder.
You kill the adder!
Your piece from Xom's chessboard (11/15) has regained one charge.
No target in view!
A wight comes into view. It is wielding a +0 long sword.
You see here a hobgoblin corpse.
There is a stone staircase leading up here.
Non-targeted evoke: piece from Xom's chessboard (11/15)
Press: ? - help, Q - select action, (/) - cycle Dir - look around, f - activate You make a move on Xom's chessboard...
The wight seems to speed up.
Non-targeted evoke: piece from Xom's chessboard (10/15)
Press: ? - help, Q - select action, (/) - cycle Dir - look around, f - activate You make a move on Xom's chessboard...
The wight is unaffected.
Unknown command.
Non-targeted evoke: piece from Xom's chessboard (9/15)
Press: ? - help, Q - select action, (/) - cycle Dir - look around, f - activate You make a move on Xom's chessboard...
The wight resists with significant effort.
The wight hits you with a +0 long sword.
The wight misses you.
You hit the wight but do no damage. The wight closely misses you.
Non-targeted evoke: piece from Xom's chessboard (8/15)
Press: ? - help, Q - select action, (/) - cycle Dir - look around, f - activate You make a move on Xom's chessboard...
The wight flickers and vanishes!
Deactivating autopickup; reactivate with Ctrl-A.
Something hits you but does no damage. Something hits you. Something hits you!
You climb upwards.
Reactivating autopickup.
There is a stone staircase leading down here.
Something hits you!
You die...

.##.#..#...#..#......#
...........[.........#
.####...............##
.## #..#......#...#.#
..# ##.#......#.).#.#
#.# #.#......#.....#
#.# #..............#
#.# #####..####>####
#.# #.## #@# #.# #.#
#.# #.# #.# #.# #.#
#####.#####.# #.#
#...........# #.#
#.#####.##### #.####.#
#.# .#.....# #.#
#.###### #.#


There were no monsters in sight!

Vanquished Creatures
  2 adders
  A dart slug (D:2)
  6 bats
  3 endoplasms (D:1)
  3 giant cockroaches
  4 goblins
  6 hobgoblins
  A quokka (D:2)
  6 ball pythons
  4 frilled lizards
  2 kobolds
  10 rats
48 creatures vanquished.

Notes
Turn   | Place    | Note
-------+----------+-------------------------------------------
     0 | D:1      | siradein the Draconian Artificer began the quest for the
                  | Orb.
     0 | D:1      | Reached XP level 1. HP: 16/16 MP: 1/1
   319 | D:1      | Reached XP level 2. HP: 20/23 MP: 2/2
   934 | D:1      | Reached skill level 1 in Maces & Flails
  1482 | D:1      | Reached XP level 3. HP: 26/29 MP: 3/3
  2355 | D:2      | Found a faded altar of an unknown god.
  2594 | D:2      | Slain by a wight

Illustrated notes

Levels and vault maps discovered:
D:1:      heliophobic_arrival_dark_side_of_the_moon, layout_loops_ring,
          serial_rivers, chequers_serial_rivers_micro_c,
          chequers_serial_rivers_small_b, chequers_serial_rivers_large_b,
          chequers_serial_rivers_small_3, chequers_serial_rivers_micro_e,
          minmay_pentomino_o2
D:2:      layout_loops_ring, hellmonk_ecumenical_altar_lost_god
D:3:      layout_basic, gammafunk_ghost_cemetery, minmay_ogre_servants

Skill      XL: |  1  2  3 |
---------------+----------+-----
Maces & Flails | 1 |  1.7
Fighting       | 2 |  2.2
Dodging        | |  2.7
Stealth        | |  0.8
Evocations     | |  3.4

Action                   || total
-------------------------++-------
Melee: Club              ||   162
       Tailslap          ||    24
Evoke: Piece from Xom's  ||     9
 Stab: Sleeping          ||     3
       Paralysed         ||     3
Armor: Skin              ||    47
Dodge: Dodged            ||   115

Table legend: (Time is in decaauts)
 A = Elapsed time spent in this place.
 B = Non-inter-level travel time spent in this place.
 C = Inter-level travel time spent in this place.
 D = Time resting spent in this place.
 E = Time spent auto-exploring this place.
 F = Levels seen in this place.
 G = Mean time per level.
                   A        B        C        D        E       F      G
               +--------+--------+--------+--------+--------+-----+--------+
         Total |   2694 |   2624 |     70 |      0 |   2220 |   3 |  898.0 |
       Dungeon |   2694 |   2624 |     70 |      0 |   2220 |   3 |  898.0 |
               +--------+--------+--------+--------+--------+-----+--------+

Top non-repeatable levels by time:
     D:1: 1726 daAuts
     D:2: 827 daAuts
     D:3: 139 daAuts
